 Dungeon Crawl Stone Soup version 0.28-a0-268-g3f656e82c2 (webtiles) character file.

Game seed: 388869616761349721

89 SkeletonJelly the Slasher (level 4, 0/38 HPs)
             Began as a Draconian Chaos Knight on Aug 28, 2021.
             Was a Plaything of Xom.
             Slain by Menkaure (7 damage)
             ... on level 4 of the Dungeon.
             The game lasted 00:04:06 (3106 turns).

SkeletonJelly the Slasher (Draconian Chaos Knight)  Turns: 3106, Time: 00:04:07

Health: 0/38       AC:  5    Str: 13 (15) XL:     4   Next: 31%
Magic:  4/4        EV: 11    Int:  9 (13) God:    Xom [*.....]
Gold:   102        SH:  0    Dex:  7 (10) Spells: 3/3 levels left

rFire   . . .      SeeInvis .   a - +0 falchion (chaos)
rCold   . . .      Faith    .   (no shield)
rNeg    . . .      Spirit   .   (armour unavailable)
rPois   .          Reflect  .   (helmet restricted)
rElec   .          Harm     .   (no cloak)
rCorr   .          Rampage  .   (no gloves)
Will    .....                   (no boots)
Stlth   +.........              (no amulet)
HPRegen 0.12/turn               (no ring)
MPRegen 0.09/turn               (no ring)

@: confused, brilliant
A: AC +5, unfitting armour, cold-blooded, evolution 1
a: Renounce Religion


You were on level 4 of the Dungeon.
You worshipped Xom.
You were a special plaything of Xom.
You visited 1 branch of the dungeon, and saw 4 of its levels.

You collected 102 gold pieces.

Inventory:

Hand Weapons
 a - a +0 falchion of chaos (weapon)
Missiles
 j - 15 poisoned darts (quivered)
Scrolls
 d - 5 scrolls of identify {unknown}
 l - a scroll of teleportation {unknown}
 m - a scroll of vulnerability {unknown}
 n - a scroll of acquirement {unknown}
Potions
 e - a potion of brilliance
 f - a potion of might {unknown}
 g - a potion of heal wounds {unknown}
 h - 2 potions of flight {unknown}
 i - a potion of attraction {unknown}
 k - 3 potions of curing {unknown}
 o - a potion of lignification {unknown}


   Skills:
 - Level 3.2 Fighting
 + Level 5.2 Long Blades
 - Level 2.1 Dodging


You had 3 spell levels left.
You didn't know any spells.
Your spell library was empty.

Dungeon Overview and Level Annotations

Branches:
Dungeon (4/15)
 Temple: D:4-7

Altars:

Annotations:
D:3 Sigmund
D:4 Menkaure


Innate Abilities, Weirdness & Mutations

Your plain brown scales are hard. (AC +5)
You cannot fit into any form of body armour.
You are cold-blooded and may be slowed by cold attacks.
You have hidden genetic potential.


Message History

The quokka is heavily wounded.
The quokka bites you but does no damage.
You barely miss the quokka.
The quokka is heavily wounded.
The quokka bites you. The quokka closely misses you.
You take 3 damage, and have 35/38 hp.
You barely miss the quokka.
The quokka is moderately wounded.
The quokka bites you.
You take 1 damage, and have 34/38 hp.
You miss the quokka.
The quokka is moderately wounded.
The quokka bites you but does no damage.
You miss the quokka.
The quokka is lightly wounded.
The quokka bites you.
You take 3 damage, and have 31/38 hp.
You hit the quokka but do no damage. The quokka completely misses you.
The quokka barely misses you.
You hit the quokka. You freeze the quokka.
You kill the quokka!
No target in view!
No target in view!
No target in view!
You see here a quokka corpse.
Found a stone staircase leading down.
Health restored: 38 Sigmund the Dreaded comes into view.
He is wielding a +0 scythe.
Sigmund shouts!
Sigmund gestures at you while chanting. You resist with some effort.
Sigmund is nearby!
Sigmund is nearby!
Sigmund is nearby!
Sigmund casts a spell at you. The magic dart hits you!
A shower of butterflies erupts from you!
You take 9 damage, and have 29/38 hp.
MASSIVE DAMAGE!!
You swap places.
There is a stone staircase leading down here.
You climb downwards.
Your summoned allies are left behind.
There is a stone staircase leading up here.
HP restored.
Key pressed, stopping explore.
o - a fizzy silvery potion Health restored: 38
Found a twisted hand axe.
Found a stone staircase leading down.
Menkaure, Prince of Dust comes into view.
Menkaure shouts!
A bullfrog zombie comes into view.
There are monsters nearby!
The bullfrog zombie completely misses you.
You hit Menkaure.
Menkaure suddenly seems more agile.
Xom thinks this is hilarious!
Menkaure is lightly damaged.
A hobgoblin comes into view.
Menkaure hits you!!
Ouch! That really hurt!
You emit a cloud of colourful smoke!
The bullfrog zombie barely misses you.
The hobgoblin shouts!
You take 21 damage, and have 17/38 hp.
MASSIVE DAMAGE!!
You hear an angry hiss.
Menkaure gestures wildly while chanting.
Menkaure seems to speed up.
The bullfrog zombie hits you.
You take 6 damage, and have 12/38 hp.
The bullfrog zombie hits you.
* * * LOW HITPOINT WARNING * * *
You take 3 damage, and have 9/38 hp.
Menkaure calls on the powers of darkness!
The hobgoblin convulses!
Your body is wracked with pain!
* * * LOW HITPOINT WARNING * * *
You take 3 damage, and have 6/38 hp.
The bullfrog zombie hits you but does no damage.
Menkaure mumbles, "It doesn't hurt if you pull your brain out of your nose yourself."
The bullfrog zombie completely misses you.
The bullfrog zombie barely misses you. The bullfrog zombie barely misses you.
The bullfrog zombie hits you but does no damage.
Menkaure rustles, "Let me perform the rites..."
The bullfrog zombie hits you.
* * * LOW HITPOINT WARNING * * *
You take 2 damage, and have 6/38 hp.
The bullfrog zombie hits you but does no damage.
As you read the scroll labelled CEHOCR HURUNO, it crumbles to dust.
You feel aware of your surroundings.
You sensed 1 altar.
It was a scroll of magic mapping.
The bullfrog zombie closely misses you.
It was a potion of brilliance.
You feel clever all of a sudden. The bullfrog zombie closely misses you.
It was a potion of degeneration.
There was something very wrong with that liquid.
You feel weakened.
You feel dopey.
You feel clumsy. "Heh heh heh..."
You are confused.
Menkaure hits you!
You die...
Xom chortles!

,,,,,,* ,,,,,,*
,,,,,,* **********
,,,,,,* *,,,,,,,,*
,,,,,,* *,######,*
,,,,,,* *,#....#,*
,,,,,,* *,#.##g#,*
******#### *,#M#ZM#,*
,,,,,,.)># *,#.#@.#,*
******#..# *,#g####,*
,*****#..* *,#....#,*
,,,,,,...* *,####.#,*
..#####.####.# #.#,*
#............# #M#,*
#..####.#########.#,*
,#..........g.....#>*
,#..###.###########,*


You could see Menkaure (fast, agile), a bullfrog zombie and a hobgoblin.

Vanquished Creatures
  3 adders
  A dart slug (D:1)
  A worm (D:2)
  4 ball pythons
  3 bats
  9 endoplasms
  A giant cockroach (D:1)
  6 goblins
  6 hobgoblins
  3 kobolds (D:1)
  2 quokkas
  4 frilled lizards
  13 rats
56 creatures vanquished.

Vanquished Creatures (others)
  A plant (D:2)
1 creature vanquished.

Grand Total: 57 creatures vanquished

Notes
Turn   | Place    | Note
-------+----------+-------------------------------------------
     0 | D:1      | SkeletonJelly the Draconian Chaos Knight began the quest
                  | for the Orb.
     0 | D:1      | Reached XP level 1. HP: 19/19 MP: 1/1
    16 | D:1      | XOM: silly message
   167 | D:1      | Reached XP level 2. HP: 26/26 MP: 2/2
   168 | D:1      | XOM: enchant monster (good)
   309 | D:1      | Reached skill level 4 in Long Blades
   420 | D:1      | XOM: cast spell 'Summon Ice Beast'
   542 | D:1      | Reached XP level 3. HP: 31/31 MP: 3/3
   991 | D:2      | XOM: torment (17/31 hp)
  1174 | D:2      | You fall into a shaft and drop 1 floor!
  1381 | D:2      | Found a faded altar of an unknown god.
  1408 | D:2      | XOM: give mutation
  1408 | D:2      | Gained mutation: You have hidden genetic potential. [Xom's
                  | mischief]
  1936 | D:2      | Reached XP level 4. HP: 37/38 MP: 4/4
  2129 | D:2      | Reached skill level 5 in Long Blades
  2443 | D:3      | XOM: stat loss: -1 Int (12/13)
  2497 | D:3      | XOM: stat loss: -1 Str (14/15)
  2971 | D:3      | Noticed Sigmund
  2973 | D:3      | XOM: butterfly on damage
  3071 | D:4      | Noticed Menkaure
  3075 | D:4      | XOM: smoke on damage
  3106 | D:4      | XOM: confusion
  3106 | D:4      | Slain by Menkaure

Illustrated notes

Levels and vault maps discovered:
D:1:      dpeg_arrival_ratfight, layout_basic
D:2:      layout_basic, shapermc_ecumenical_altar_ellora
D:3:      layout_loops_corners, columned_hall_lemuel, roderic_cross_of_infinity,
          uniq_sigmund
D:4:      layout_basic, mainiacjoe_overflow_paths, minmay_strange_pillars,
          uniq_menkaure

Skill      XL: |  1  2  3  4 |
---------------+-------------+-----
Long Blades    | 4 5 |  5.2
Fighting       | |  3.2
Dodging        | |  2.1

Action                   |  1- 3 |  4- 6 || total
-------------------------+-------+-------++-------
Melee: Falchion          |   112 |    37 ||   149
       Tailslap          |     7 |     4 ||    11
Throw: Dart              |       |     2 ||     2
  Use: Potion            |       |     2 ||     2
       Scroll            |       |     1 ||     1
Armor: Skin              |    37 |    11 ||    48
Dodge: Dodged            |    66 |    22 ||    88

Table legend: (Time is in decaauts)
 A = Elapsed time spent in this place.
 B = Non-inter-level travel time spent in this place.
 C = Inter-level travel time spent in this place.
 D = Time resting spent in this place.
 E = Time spent auto-exploring this place.
 F = Levels seen in this place.
 G = Mean time per level.
                   A        B        C        D        E       F      G
               +--------+--------+--------+--------+--------+-----+--------+
         Total |   3123 |   3023 |    100 |      0 |   2576 |   4 |  780.8 |
       Dungeon |   3123 |   3023 |    100 |      0 |   2576 |   4 |  780.8 |
               +--------+--------+--------+--------+--------+-----+--------+

Top non-repeatable levels by time:
     D:2: 1212 daAuts
     D:1: 955 daAuts
     D:3: 826 daAuts
     D:4: 128 daAuts
